 Dungeon Crawl Stone Soup version 0.29-a0-283-ga02f740833 (webtiles) character file.

Game seed: 3612698735183825178

1513 chopper the Cudgeller (level 8, -15/79 HPs)
             Began as a Troll Fighter on Mar 13, 2022.
             Was a Follower of Qazlal.
             Killed from afar by an acid dragon (33 damage)
             ... with a splash of acid
             ... on level 6 of the Dungeon.
             The game lasted 01:01:45 (7244 turns).

chopper the Cudgeller (Troll Fighter)               Turns: 7244, Time: 01:01:49

Health: -15/79     AC: -7    Str: 32    XL:     8   Next: 53%
Magic:  7/7        EV: 14    Int:  4    God:    Qazlal [*.....]
Gold:   312        SH: 11    Dex: 17    Spells: 7/7 levels left

rFire   x . .      SeeInvis .   n - +6 mace of the Lettuce {venom, rF- Str+7}
rCold   . . .      Faith    .   c - +0 kite shield
rNeg    . . .      Spirit   .   b - +1 robe
rPois   .          Reflect  .   (helmet restricted)
rElec   .          Harm     .   (no cloak)
rCorr   .          Rampage  .   (gloves unavailable)
Will    .....                   (boots unavailable)
Stlth   ++........              (no amulet)
HPRegen 1.03/turn               i - +4 ring of evasion
MPRegen 0.10/turn               m - +6 ring of dexterity

@: corroded, hasted, very quick
A: large, unfitting armour, claws 3, regeneration 1, shaggy fur 1, tough skin 1
a: Renounce Religion


You were on level 6 of the Dungeon.
You worshipped Qazlal.
Qazlal was aware of your devotion.
You visited 2 branches of the dungeon, and saw 7 of its levels.

You collected 312 gold pieces.

Inventory:

Hand Weapons
 f - a +1 short sword of protection
 n - the +6 mace of the Lettuce (weapon) {venom, rF- Str+7}
   (You took it off a goblin on level 3 of the Dungeon)

   It poisons the flesh of those it strikes.
   Str:       It affects your strength (+7).
   rF:        It makes you vulnerable to fire.
Missiles
 g - 250 stones
 j - a throwing net
 q - 6 boomerangs (quivered)
 s - 6 javelins
Armour
 b - a +1 robe (worn)
 c - a +0 kite shield (worn)
Jewellery
 e - an amulet of guardian spirit
 i - a +4 ring of evasion (left claw)
 l - the amulet "Zeuluhy" {Spirit rElec}
   (You found it on level 2 of the Dungeon)

   [amulet of guardian spirit]

   It causes incoming damage to be divided between your reserves of health and
   magic.
   rElec:     It insulates you from electricity.
 m - a +6 ring of dexterity (right claw)
Wands
 p - a wand of iceblast (9)
 v - a wand of acid (8)
 w - a wand of paralysis (6)
 x - a wand of flame (21)
Scrolls
 k - a scroll of fear
 t - 2 scrolls of summoning
 u - a scroll of enchant weapon
 y - a scroll of identify
Potions
 d - 2 potions of might
 h - 3 potions of berserk rage
 o - a potion of invisibility


   Skills:
 + Level 4.3 Fighting
 + Level 1.8 Short Blades
 + Level 1.8(3.7) Axes
 + Level 5.6(5.8) Maces & Flails
 + Level 4.4 Dodging
 + Level 1.7 Stealth
 + Level 4.1 Shields


You had 7 spell levels left.
You didn't know any spells.
Your spell library contained the following spells:

 Spells                   Type           Power      Damage    Failure   Level
 Foxfire                  Conj/Fire      0%         2x1d4     78%         1
 Confusing Touch          Hex            0%         N/A       98%         3
 Conjure Flame            Conj/Fire      0%         6-21      98%         3
 Inner Flame              Hex/Fire       0%         N/A       98%         3
 Tukima's Dance           Hex            0%         N/A       98%         3
 Airstrike                Air            0%         N/A       100%        4
 Flame Wave               Conj/Fire      0%         2d4       100%        4
 Passage of Golubria      Tloc           0%         N/A       100%        4
 Summon Lightning Spire   Summ/Air       0%         N/A       100%        4
 Lightning Bolt           Conj/Air       0%         1d11      100%        5
 Yara's Violent Unravell  Hex/Tmut       0%         3d3       100%        5
 Enfeeble                 Hex            0%         N/A       100%        7


Dungeon Overview and Level Annotations

Branches:
Dungeon (6/15)             Temple (1/1) D:4

Altars:
Ashenzari
Cheibriados
Dithmenos
Elyvilon
Fedhas
Gozag
Hepliaklqana
Kikubaaqudgha
Makhleb
Nemelex Xobeh
Okawaru
Qazlal
Ru
Sif Muna
Trog
Uskayaw
Vehumet
Wu Jian
Xom
Yredelemnul
Zin
The Shining One

Shops:
D:1 *   D:2 [

Annotations:
D:6 3 runed translucent doors, spaghetti's ghost, weakling DgDe


Innate Abilities, Weirdness & Mutations

You are too large for most types of armour.
You have claws for hands.
Your natural rate of healing is unusually fast.
You are covered in fur. (AC +1)
You have tough skin. (AC +1)


Message History

The acid dragon roars!
The acid dragon spits acid at you. The splash of acid hits you!
The acid corrodes you! You block the phantom's attack.
As you read the scroll of summoning, it crumbles to dust.
Wisps of shadow whirl around you...
You feel much better. The phantom misses you.
The acid dragon spits acid at you. The splash of acid hits you!!
* * * LOW HITPOINT WARNING * * *
Your jelly barely misses the phantom.
Your shadow imp hits the phantom.
The phantom hits you.
* * * LOW HITPOINT WARNING * * *
You see here a +0 quarterstaff.
Your black bear barely misses the phantom.
Your black bear claws the phantom.
Your black bear barely misses the phantom.
Your shadow imp hits the phantom but does no damage.
Your jelly hits the phantom.
The phantom is splashed with acid.
Your jelly closely misses the phantom.
The acid dragon bites your jelly!
The acid dragon is burned by acid!
The acid dragon claws your jelly.
The acid dragon is burned by acid!
The phantom hits your black bear.
The phantom blinks!
Your black bear blinks!
Your jelly hits the acid dragon.
The acid dragon is splashed with acid.
The acid corrodes the acid dragon!
Your black bear bites the phantom.
Your black bear claws the phantom but does no damage.
Your black bear claws the phantom.
The phantom hits your black bear.
Your jelly barely misses the acid dragon.
Your black bear closely misses the phantom.
Your black bear misses the phantom.
Your black bear claws the phantom.
The phantom hits your black bear.
The phantom blinks!
Your black bear blinks!
Your black bear closely misses the phantom.
Your black bear claws the phantom. x2; The phantom hits your black bear.
The phantom blinks!
Your black bear blinks!
The acid dragon spits acid at you. The splash of acid hits you!!
You die...

#..§........# ##.#.#D.....#
#...........###########
.#.#.######...§§.#....###########
..........#......#...............
.#.#.#....#...J..#...............
......#...'......#)..............
.#.#.##...#...5.)'....)).........
...>..'...#.WJD.@#)..............
.#.#.###..#§.h...#...#########.##
.......#..########...####.#######
.#.#.#.#.............'....#......
.......#....#####....#....#......
.#.#.#.#...##∩8.##...#....#......
.......#...#∩$$$h#...#....##...##
.#.#.#.#...#8$..W+...##...##...##
.......#####∩.8_5+...##......[.##


You could see an acid dragon (catching breath, corroded, ally target), a phantom
(distracted, ally target), a friendly black bear (summoned), 2 friendly jellies
and a friendly shadow imp (summoned).

Vanquished Creatures
  Eustachio (D:5)
  A water moccasin (D:6)
  2 ice beasts
  2 ogres
  A necrophage (D:5)
  2 scorpions
  2 jellies
  5 orc priests
  A gnoll shaman (D:6)
  A hound (D:5)
  3 iguanas
  5 orc wizards
  9 gnolls
  5 adders
  2 white imps
  An ufetubus (D:5)
  5 worms
  A dart slug (D:4)
  20 orcs
  6 endoplasms
  2 giant cockroaches
  6 goblins
  6 hobgoblins
  6 kobolds
  5 quokkas
  7 ball pythons
  3 bats
  3 frilled lizards
  5 rats
118 creatures vanquished.

Notes
Turn   | Place    | Note
-------+----------+-------------------------------------------
     0 | D:1      | chopper the Troll Fighter began the quest for the Orb.
     0 | D:1      | Reached XP level 1. HP: 22/22 MP: 0/0
   233 | D:1      | Found Liusch Miqu's Assorted Antiques.
   546 | D:1      | Reached XP level 2. HP: 29/29 MP: 1/1
  1412 | D:2      | Reached XP level 3. HP: 36/36 MP: 2/2
  1450 | D:2      | Identified the amulet "Zeuluhy" {Spirit rElec}
  1484 | D:2      | Found Wubliw's Antique Armour Emporium.
  1609 | D:2      | Reached XP level 4. HP: 44/44 MP: 3/3
  1742 | D:2      | Reached skill level 1 in Short Blades
  2824 | D:3      | Identified the +6 mace of the Lettuce {venom, rF- Str+7}
  2909 | D:3      | Reached XP level 5. HP: 50/52 MP: 4/4
  4199 | D:4      | Reached skill level 1 in Maces & Flails
  4199 | D:4      | Reached XP level 6. HP: 45/59 MP: 5/5
  4224 | D:4      | Found a staircase to the Ecumenical Temple.
  4266 | D:4      | Noticed an ice beast
  4291 | D:4      | Killed an ice beast
  4292 | D:4      | Reached skill level 2 in Maces & Flails
  4627 | D:4      | Reached skill level 3 in Maces & Flails
  4627 | D:4      | Reached skill level 1 in Stealth
  4627 | D:4      | Reached XP level 7. HP: 54/67 MP: 6/6
  4686 | Temple   | Entered the Ecumenical Temple
  5001 | Temple   | Became a worshipper of Uskayaw the Reveller
  5018 | Temple   | Fell from the grace of Uskayaw
  5036 | Temple   | Became a worshipper of Qazlal Stormbringer
  5123 | D:5      | Entered Level 5 of the Dungeon
  5786 | D:5      | Reached skill level 4 in Maces & Flails
  5799 | D:5      | Noticed Eustachio
  5812 | D:5      | Killed Eustachio
  6115 | D:6      | Reached XP level 8. HP: 58/76 MP: 7/7
  6246 | D:6      | Reached * piety under Qazlal
  6280 | D:6      | Reached skill level 5 in Maces & Flails
  6406 | D:6      | Found a sparkling altar of Nemelex Xobeh.
  6931 | D:6      | Found a runed translucent gate.
  6932 | D:6      | Found a runed translucent gate.
  6933 | D:6      | Found an opulent altar of Gozag.
  7026 | D:6      | Found a runed translucent gate.
  7029 | D:6      | Noticed spaghetti's ghost (weakling DgDe)
  7053 | D:6      | Noticed a troll
  7213 | D:6      | Paralysed by the fury of Uskayaw for 5 turns
  7217 | D:6      | HP: 1/79 [phantom (3)]
  7244 | D:6      | Killed from afar by an acid dragon

Illustrated notes

Levels and vault maps discovered:
D:1:      dpeg_arrival_pond, layout_loops_corners,
          chequers_ecumenical_altar_grove, serial_shops, shop
D:2:      layout_basic, serial_shops, shop, hangedman_decor_growths
D:3:      layout_loops_corners, minmay_pentomino_pile
D:4:      layout_basic, minmay_temple_entry_waves, kennysheep_generic_room_5
D:5:      layout_basic, minivault_19, uniq_eustachio
D:6:      layout_gridville, mainiacjoe_overflow_24_doors, ebering_ghost_gozag,
          st_stairs_13
Temple:   mainiacjoe_temple_hex_bubbles

Skill      XL: |  1  2  3  4  5  6  7  8 |
---------------+-------------------------+-----
Dodging        | 3 4 |  4.4
Short Blades   | 1 |  1.8
Shields        | 3 4 |  4.1
Maces & Flails | 1 3 4 5 |  5.6
Fighting       | 3 4 |  4.3
Stealth        | 1 |  1.7
Axes           | |  1.8

Action                   |  1- 3 |  4- 6 |  7- 9 || total
-------------------------+-------+-------+-------++-------
Melee: Short sword       |   163 |    78 |       ||   241
       War axe           |    14 |       |       ||    14
       Hand axe          |     6 |       |       ||     6
       Mace              |       |    98 |   110 ||   208
Throw: Boomerang         |       |       |     1 ||     1
Invok: Renounce Religion |       |       |     1 ||     1
  Use: Scroll            |     4 |     2 |     3 ||     9
       Potion            |     2 |     4 |     6 ||    12
 Stab: Invisible         |     1 |       |       ||     1
       Sleeping          |       |     1 |     2 ||     3
Armor: Robe              |    73 |    62 |    20 ||   155
Dodge: Dodged            |    59 |    85 |    74 ||   218
Block: Kite shield       |    69 |    78 |    73 ||   220

Table legend: (Time is in decaauts)
 A = Elapsed time spent in this place.
 B = Non-inter-level travel time spent in this place.
 C = Inter-level travel time spent in this place.
 D = Time resting spent in this place.
 E = Time spent auto-exploring this place.
 F = Levels seen in this place.
 G = Mean time per level.
                   A        B        C        D        E       F      G
               +--------+--------+--------+--------+--------+-----+--------+
         Total |   7343 |   7343 |      0 |     26 |      0 |   7 | 1049.0 |
       Dungeon |   6943 |   6943 |      0 |     26 |      0 |   6 | 1157.2 |
        Temple |    399 |    399 |      0 |      0 |      0 |   1 |  399.0 |
               +--------+--------+--------+--------+--------+-----+--------+

Top non-repeatable levels by time:
     D:3: 1581 daAuts
     D:1: 1299 daAuts
     D:2: 1222 daAuts
     D:6: 1159 daAuts
     D:5: 985 daAuts
     D:4: 694 daAuts
  Temple: 399 daAuts
